 Dungeon Crawl Stone Soup version 0.27-a0-1434-g6f15984924 (webtiles) character file.

Game seed: 15288304602322980597

4 ipx the Firebug (level 1, 9/10 HPs)
             Began as a Deep Elf Fire Elementalist on July 3, 2021.
             Was a Follower of Wu Jian.
             Got out of the dungeon alive.
             The game lasted 00:01:42 (118 turns).

ipx the Firebug (Deep Elf Fire Elementalist)         Turns: 118, Time: 00:01:43

Health: 9/10       AC:  2    Str:  5    XL:     1   Next: 58%
Magic:  6/6        EV: 12    Int: 19    God:    Wu Jian [*.....]
Gold:   10         SH:  0    Dex: 15    Spells: 5/6 levels left

rFire    . . .     SeeInvis .   (no weapon)
rCold    . . .     Faith    .   (no shield)
rNeg     . . .     Spirit   .   a - +0 robe
rPois    .         Reflect  .   (no helmet)
rElec    .         Harm     .   (no cloak)
rCorr    .         Rampage  .   (no gloves)
Will     .....                  (no boots)
Stlth    ++........             (no amulet)
HPRegen  0.03/turn              (no ring)
MPRegen  0.10/turn              (no ring)

@: no status effects
A: no striking features
a: Renounce Religion


You escaped.
You worshipped Wu Jian.
Wu Jian was aware of your devotion.
You visited 1 branch of the dungeon, and saw 1 of its levels.

You collected 10 gold pieces.

Inventory:

Armour
 a - a +0 robe (worn)


   Skills:
 - Level 2.4 Dodging
 - Level 2.4 Stealth
 - Level 3.0 Spellcasting
 * Level 1.6 Conjurations
 + Level 3.4 Fire Magic


You had 5 spell levels left.
You knew the following spells:

 Your Spells              Type           Power      Damage    Failure   Level
x - Foxfire               Conj/Fire      48%        2x1d6     5%          1

Your spell library contained the following spells:

 Spells                   Type           Power      Damage    Failure   Level
 Conjure Flame            Conj/Fire      12%        6-21      16%         3
 Inner Flame              Hex/Fire       9%         N/A       22%         3
 Sticky Flame             Conj/Fire      12%        2d4       47%         4
 Fireball                 Conj/Fire      6%         3d5       83%         5


Dungeon Overview and Level Annotations

Branches:
Dungeon (1/15)

Altars:
Wu Jian


Message History

There is an open door here.
Your foxfire dissipates!
An endoplasm comes into view.
A ball python comes into view.
Casting: Foxfire (safe; 6% risk of failure)
Confirm with . or Enter, or press ? or * to list all spells.
You conjure some foxfire!
Casting: Foxfire (safe; 6% risk of failure)
Confirm with . or Enter, or press ? or * to list all spells.
You conjure some foxfire!
The foxfire hits the endoplasm.
The endoplasm is heavily wounded.
The endoplasm quivers.
The foxfire hits the endoplasm.
You kill the endoplasm!
Your foxfire dissipates!
Casting: Foxfire (safe; 5% risk of failure)
Confirm with . or Enter, or press ? or * to list all spells.
You conjure some foxfire!
The ball python hisses angrily.
The foxfire hits the ball python.
You kill the ball python!
Your foxfire dissipates!
You open the door.
There is an open door here.
There is an open door here.
You open the door.
There is an open door here.
Found a faded altar of an unknown god.
Found a robe.
Found a robe.
Found 17 bolts.
There is a faded altar of an unknown god here.
You cannot tell which god this altar belongs to.
Convert to them anyway?
Wu Jian accepts your prayer! The Council welcomes you!
You can now perform damaging attacks by moving towards foes.
You can now lightly attack monsters by moving around them.
There is an open door here.
There is a staircase leading out of the dungeon here.
Are you sure you want to leave the Dungeon?
This will make you lose the game!
You have escaped!

########..# ....#
##......'#.#
....##........#.#
...##...##...#.# .
#..##..####..#.# ..
##..##..####..#.#
...##...##...##...#.#
..................#.#
#.......@........##
#####..##..######
######..##..######
##................##
#(.................#
#§..##...##...##...#
#§.# ##..##..####..#
#..####..##..# ##..#
#...##...##...##...#


There were no monsters in sight!

Vanquished Creatures
  A dart slug (D:1)
  An endoplasm (D:1)
  A ball python (D:1)
3 creatures vanquished.

Vanquished Creatures (others)
  10 foxfires (D:1)
10 creatures vanquished.

Grand Total: 13 creatures vanquished

Notes
Turn   | Place    | Note
-------+----------+-------------------------------------------
     0 | D:1      | ipx the Deep Elf Fire Elementalist began the quest for the
                  | Orb.
     0 | D:1      | Reached XP level 1. HP: 10/10 MP: 6/6
    81 | D:1      | Found a faded altar of an unknown god.
    89 | D:1      | Became a worshipper of the Wu Jian Council
    89 | D:1      | Reached * piety under Wu Jian
   118 | D:$      | Got out of the dungeon alive.

Illustrated notes

Levels and vault maps discovered:
D:1:      minmay_arrival_four_loops, layout_loops_ring, basic_ecumenical_altar,
          glass_columns_a, hangedman_decor_lopped

Action                   || total
-------------------------++-------
 Cast: Foxfire           ||     6

Table legend: (Time is in decaauts)
 A = Elapsed time spent in this place.
 B = Non-inter-level travel time spent in this place.
 C = Inter-level travel time spent in this place.
 D = Time resting spent in this place.
 E = Time spent auto-exploring this place.
 F = Levels seen in this place.
 G = Mean time per level.
                   A        B        C        D        E       F      G
               +--------+--------+--------+--------+--------+-----+--------+
         Total |    118 |     91 |     27 |      0 |      0 |   1 |  118.0 |
       Dungeon |    118 |     91 |     27 |      0 |      0 |   1 |  118.0 |
               +--------+--------+--------+--------+--------+-----+--------+

Top non-repeatable levels by time:
     D:1: 118 daAuts
